 Dungeon Crawl Stone Soup version 0.21.1-1-g345015fe64 (webtiles) character file.

51 Lothor the Ruffian (level 3, 0/28 HPs)
             Began as a Draconian Transmuter on Mar 19, 2018.
             Slain by an iguana (6 damage)
             ... on level 2 of the Dungeon.
             The game lasted 00:09:26 (1249 turns).

Lothor the Ruffian (Draconian Transmuter)           Turns: 1249, Time: 00:09:30

Health: 0/28       AC:  5    Str: 13    XL:     3   Next: 57%
Magic:  6/6        EV: 12    Int: 13    God:
Gold:   87         SH:  0    Dex: 11    Spells: 0/6 levels left

rFire    . . .     SeeInvis .     - Unarmed
rCold    . . .     Gourm    .   (no shield)
rNeg     . . .     Faith    .   (armour unavailable)
rPois    .         Spirit   .   (helmet restricted)
rElec    .         Reflect  .   (no cloak)
rCorr    .         Harm     .   (no gloves)
MR       .....                  (no boots)
Stlth    +.........             (no amulet)
HPRegen  0.09/turn              (no ring)
MPRegen  0.10/turn              (no ring)

@: lethally poisoned (0 -> -19)
A: unfitting armour, cold-blooded, AC +5
a: no special abilities


You were on level 2 of the Dungeon.
You were not hungry.

You visited 1 branch of the dungeon, and saw 3 of its levels.

You collected 87 gold pieces.

Inventory:

Hand Weapons
 e - a +0 dagger
Missiles
 a - 12 arrows
 j - 2 tomahawks (quivered)
Jewellery
 m - an uncursed ring of flight {unknown}
Scrolls
 d - 5 scrolls of identify {unknown}
 g - a scroll of blinking {unknown}
 o - 2 scrolls of amnesia {unknown}
Potions
 h - a potion of brilliance {unknown}
 i - a potion of mutation {unknown}
 k - 2 potions of haste {unknown}
 l - a potion of agility {unknown}
 n - a potion of curing {unknown}
 p - a potion of lignification {unknown}
Books
 b - a book of Changes

   Spells                             Type                      Level
   a - Beastly Appendage              Transmutation                1
   b - Sticks to Snakes               Transmutation                2
   c - Spider Form                    Transmutation/Poison         3
   d - Ice Form                       Ice/Transmutation            4
   e - Blade Hands                    Transmutation                5
Comestibles
 c - a ration
 f - 2 chunks of flesh


   Skills:
 + Level 1.1 Fighting
 - Level 0.3 Throwing
 + Level 2.0 Dodging
 + Level 4.0 Unarmed Combat
 + Level 2.1 Spellcasting
 + Level 2.4 Transmutations


You couldn't memorise any spells.
You knew the following spells:

 Your Spells              Type           Power        Failure   Level  Hunger
a - Beastly Appendage     Tmut           #.....       9%          1    ##.....
b - Sticks to Snakes      Tmut           #.......     14%         2    ###....
c - Spider Form           Tmut/Pois      #.........   41%         3    ####...


Dungeon Overview and Level Annotations

Branches:
Dungeon (3/15)

Altars:

Annotations:
D:2 Sigmund


Innate Abilities, Weirdness & Mutations

Your plain brown scales are hard. (AC +5)
You cannot fit into any form of body armour.
You are cold-blooded and may be slowed by cold attacks.


Message History

The iguana is heavily wounded.
The iguana barely misses you. Something hits you.
You are poisoned.
An adder comes into view.
You closely miss the iguana.
The iguana is heavily wounded.
You feel sick. The iguana bites you!
* * * LOW HITPOINT WARNING * * *
The adder hisses angrily.
Throwing (i - inventory):
j - 3 tomahawks (quivered)
Press: ? - help, Shift-Dir - straight line, f/p - iguana
Aim: an iguana (heavily wounded)
You throw a tomahawk.
The tomahawk hits the iguana but does no damage.
The iguana is heavily wounded.
* * * LOW HITPOINT WARNING * * *
You feel sick. Something hits you but does no damage.
You are more poisoned.
The iguana bites you.
You die...

############ #......
...## ## #..##.# #... .#
#..##.# #..# .# #..##.#
#..#####.# .
##..##.###..#...#.# ..l
.......>....>.#.#.#.(..[
##..#######.#...@l......
##..# #.##....S.....
....# #.####...##..$
###.# #.# ##.## # ###...
..# .# ........ ... .#
######### ### .. ..


You could see an iguana, an adder and a frilled lizard (wandering).

Vanquished Creatures
  Jessica (D:2)
  An adder (D:2)
  A giant cockroach (D:1)
  A goblin (D:1)
  2 hobgoblins
  2 kobolds
  5 bats
  2 frilled lizards
  A rat (D:2)
16 creatures vanquished.

Notes
Turn   | Place    | Note
-------+----------+-------------------------------------------
     0 | D:1      | Lothor the Draconian Transmuter began the quest for the Orb.
     0 | D:1      | Reached XP level 1. HP: 16/16 MP: 3/3
   664 | D:1      | Reached XP level 2. HP: 23/23 MP: 5/5
   903 | D:2      | Noticed Jessica
   919 | D:2      | Killed Jessica
   919 | D:2      | Reached XP level 3. HP: 12/28 MP: 6/6
  1083 | D:2      | Learned a level 2 spell: Sticks to Snakes
  1087 | D:2      | Learned a level 3 spell: Spider Form
  1182 | D:2      | Reached skill level 4 in Unarmed Combat
  1243 | D:2      | Noticed Sigmund
  1249 | D:2      | Slain by an iguana

Skill      XL: |  1  2  3 |
---------------+----------+-----
Dodging        | 2 |  2.0
Unarmed Combat | 4 |  4.0
Fighting       | |  1.1
Throwing       | |  0.3
Spellcasting   | |  2.1
Transmutations | |  2.4

Action                   || total
-------------------------++-------
Melee: Unarmed           ||    51
       Tailslap          ||     5
Throw: Tomahawk          ||    18
  Eat: Chunk             ||     1
Armor: Skin              ||    21
Dodge: Dodged            ||    31
